 Dungeon Crawl Stone Soup version 0.29-a0-359-g541a27f54d (webtiles) character file.

Game seed: 5007888890532753438

13 zeratav the Shooter (level 2, -1/17 HPs)
             Began as a Tengu Hunter on Apr 27, 2022.
             Slain by a scorpion (4 damage)
             ... on level 2 of the Dungeon.
             The game lasted 00:01:22 (1093 turns).

zeratav the Shooter (Tengu Hunter)                  Turns: 1093, Time: 00:01:23

Health: -1/17      AC:  4    Str: 11    XL:     2   Next: 37%
Magic:  3/3        EV: 12    Int:  9    God:
Gold:   47         SH:  0    Dex: 17    Spells: 1/1 levels left

rFire   . . .      SeeInvis .   a - +1 shortbow {bow}
rCold   . . .      Faith    .   (shield currently unavailable)
rNeg    . . .      Spirit   .   b - +0 leather armour
rPois   .          Reflect  .   (helmet restricted)
rElec   .          Harm     .   e - +0 cloak
rCorr   .          Rampage  .   (no gloves)
Will    .....                   (boots unavailable)
Stlth   ++........              (no amulet)
HPRegen 0.05/turn               (no ring)
MPRegen 0.08/turn               (no ring)

@: no status effects
A: beak, talons 3
a: no special abilities


You were on level 2 of the Dungeon.
You visited 1 branch of the dungeon, and saw 2 of its levels.

You collected 47 gold pieces.


Innate Abilities, Weirdness & Mutations

You have a beak for a mouth.
You have claws for feet.


   Skills:
 - Level 2.0 Fighting
 + Level 5.0 Bows
 - Level 2.1 Dodging
 - Level 1.0 Stealth


You had one spell level left.
You didn't know any spells.
Your spell library was empty.

Inventory:

Hand Weapons
 a - a +1 shortbow (weapon) {bow}
Armour
 b - a +0 leather armour (worn)
 e - a +0 cloak (worn)
   (You found it on level 1 of the Dungeon)
Scrolls
 c - a scroll of immolation {!r!r}
 d - 2 scrolls of identify {unknown}
 f - a scroll of silence {unknown}

Dungeon Overview and Level Annotations

Branches:
Dungeon (2/15)

Altars:

Shops:
D:1

* #. #.##### #.....## ##
#......############# ### ##.
#......##........... ....
..####......##...........
....... ..#......##...........
.....#. #.#......##...........
....... #.#....s@.............
.......##.#....g.#............
..............................
r.#.#.###+#.#.####....###.....
# #....#.# #....# #....#
#....#.####....###.....
........................
..#.#...#.########.##.##. #
#.#...#.#.....##.##.#


You could see a scorpion and a goblin.


Message History

There is a stone staircase leading up here.
HP[-3]
You take 3 damage, and now have 14/17 hp.
You shoot an arrow. The arrow misses the goblin.
The goblin closely misses you.
You shoot an arrow. The arrow hits the goblin!
You kill the goblin!
No target in view!
No target in view!
No target in view!
No target in view!
No target in view!
No target in view!
No target in view!
No target in view!
No target in view!
No target in view!
No target in view!
No target in view!
Things that are here:
a +0 dagger {short}; a goblin corpse; HP[+3]
Your hp is fully restored (17).
There is a stone staircase leading up here.
Found a stone staircase leading up.
A frilled lizard comes into view.
The frilled lizard hisses angrily.
You shoot an arrow.
The arrow barely misses the frilled lizard.
You shoot an arrow.
The arrow completely misses the frilled lizard.
You shoot an arrow.
The arrow closely misses the frilled lizard.
You shoot an arrow.
The arrow closely misses the frilled lizard.
You shoot an arrow. The arrow hits the frilled lizard.
You kill the frilled lizard!
No target in view!
No target in view!
No target in view!
No target in view!
No target in view!
No target in view!
No target in view!
No target in view!
No target in view!
No target in view!
No target in view!
There is a stone staircase leading up here.
A scorpion comes into view.
Shoot: a) +1 shortbow {bow}
Press: ? - help, Q - select action Shift-Dir - straight line, f - scorpion
Aim: a scorpion (asleep, 98% to hit)
You shoot an arrow. The arrow hits the scorpion.
A goblin comes into view. It is wielding a +0 club.
Shoot: a) +1 shortbow {bow}
Press: ? - help, Q - select action Shift-Dir - straight line, f/p - scorpion
Aim: a scorpion (lightly wounded, 64% to hit)
You shoot an arrow. The arrow barely misses the scorpion.
The goblin shouts!
A quokka comes into view.
Shoot: a) +1 shortbow {bow}
Press: ? - help, Q - select action Shift-Dir - straight line, f/p - scorpion
Aim: a scorpion (lightly wounded, 64% to hit)
You shoot an arrow. The arrow barely misses the scorpion.
The scorpion attacks as you move away! The scorpion stings you.
HP[-1]
You take 1 damage, and now have 16/17 hp.
The scorpion attacks as you move away! The scorpion stings you.
HP[-2]
You take 2 damage, and now have 14/17 hp.
HP[+1]
The scorpion attacks as you move away! The scorpion stings you.
HP[-2]
You take 2 damage, and now have 13/17 hp.
The scorpion stings you.
* * * LOW HITPOINT WARNING * * *
There is a stone staircase leading up here.
HP[-5]
You take 5 damage, and now have 8/17 hp.
MASSIVE DAMAGE!! (PAUSE) Shoot: a) +1 shortbow {bow}
Press: ? - help, Q - select action Shift-Dir - straight line, f/p - scorpion
Aim: a scorpion (lightly wounded, 64% to hit)
You shoot an arrow.
The arrow completely misses the scorpion.
The arrow completely misses the goblin.
The scorpion closely misses you.
Shoot: a) +1 shortbow {bow}
Press: ? - help, Q - select action Shift-Dir - straight line, f/p - scorpion
Aim: a scorpion (lightly wounded, 64% to hit)
You shoot an arrow. The arrow hits the scorpion!
The scorpion stings you.
* * * LOW HITPOINT WARNING * * *
The scorpion barely misses you.
Shoot: a) +1 shortbow {bow}
Press: ? - help, Q - select action Shift-Dir - straight line, f/p - scorpion
Aim: a scorpion (heavily wounded, 64% to hit)
You shoot an arrow.
The arrow hits the scorpion but does no damage.
The scorpion stings you.
You die...

Skill      XL: |  1  2 |
---------------+-------+-----
Bows           | 5 |  5.0
Fighting       | |  2.0
Dodging        | |  2.1
Stealth        | |  1.0

Action                   || total
-------------------------++-------
 Fire: Shortbow          ||    34
Armor: Leather armour    ||     1
Dodge: Dodged            ||     3

Levels and vault maps discovered:
D:1:      arrival_zaba_pyramid, layout_loops_ring, serial_shops,
          nicolae_square_shop
D:2:      layout_basic, minmay_tripent

Notes
Turn   | Place    | Note
-------+----------+-------------------------------------------
     0 | D:1      | zeratav the Tengu Hunter began the quest for the Orb.
     0 | D:1      | Reached XP level 1. HP: 12/12 MP: 2/2
     0 | D:1      | magus.rc [v1.9.6]
   193 | D:1      | Found Yxzueqao's Assorted Antiques.
   503 | D:1      | Reached XP level 2. HP: 17/17 MP: 3/3
   727 | D:2      | HP: 4/17 [worm (8)]
   758 | D:1      | Reached skill level 5 in Bows
  1076 | D:2      | Noticed a scorpion
  1092 | D:2      | HP: 3/17 [scorpion (5)]
  1093 | D:2      | Slain by a scorpion

Vanquished Creatures
  A worm (D:1)
  A bat (D:1)
  A quokka (D:1)
  2 ball pythons (D:1)
  A frilled lizard (D:2)
  2 goblins
  2 kobolds (D:1)
  A rat (D:1)
11 creatures vanquished.

Table legend:
 A = Non-vault XP
 B = Vault XP
 C = Vault XP percentage of total XP
 D = Non-vault monster count
 E = Vault monster count
 F = Vault count percentage of total count
                 A         B        C        D         E       F
            +---------+---------+-------+---------+---------+-------
      Total |      19 |       0 |   0.0 |      11 |       0 |   0.0
            +---------+---------+-------+---------+---------+-------
        D:1 |      17 |       0 |   0.0 |       9 |       0 |   0.0
        D:2 |       2 |       0 |   0.0 |       2 |       0 |   0.0
            +---------+---------+-------+---------+---------+-------

Illustrated notes

Table legend:
 A = Kills in this place as a percentage of kills in entire the game.
 B = Kills by you in this place as a percentage of kills by you in the entire game.
 C = Kills by friends in this place as a percentage of kills by friends in the entire game.
 D = Other kills in this place as a percentage of other kills in the entire game.
 E = Experience gained in this place as a percentage of experience gained in the entire game.
 F = Experience gained in this place divided by the number of levels of this place that you have seen.
                   A       B       C       D       E      F
               +-------+-------+-------+-------+-------+----------------------
         Total | 100.0 | 100.0 |   N/A |   N/A | 100.0 |   9.5
       Dungeon | 100.0 | 100.0 |   N/A |   N/A | 100.0 |   9.5
               +-------+-------+-------+-------+-------+----------------------

Table legend: (Time is in decaauts)
 A = Elapsed time spent in this place.
 B = Non-inter-level travel time spent in this place.
 C = Inter-level travel time spent in this place.
 D = Time resting spent in this place.
 E = Time spent auto-exploring this place.
 F = Levels seen in this place.
 G = Mean time per level.
                   A        B        C        D        E       F      G
               +--------+--------+--------+--------+--------+-----+--------+
         Total |   1103 |   1074 |     29 |    215 |    752 |   2 |  551.5 |
       Dungeon |   1103 |   1074 |     29 |    215 |    752 |   2 |  551.5 |
               +--------+--------+--------+--------+--------+-----+--------+

Top non-repeatable levels by time:
     D:1: 987 daAuts
     D:2: 116 daAuts
